 Dungeon Crawl Stone Soup version 0.16.0-17-g811c1d7 (webtiles) character file.

256 wojtek the Slicer (level 6, -1/36 HPs)
             Began as a Kobold Assassin on Mar 21, 2015.
             Killed from afar by an orc wizard (13 damage)
             ... with a puff of flame
             ... on level 4 of the Dungeon.
             The game lasted 00:06:12 (4189 turns).

wojtek the Slicer (Kobold Assassin)                 Turns: 4189, Time: 00:06:13

Health: -1/36      AC:  3    Str: 10    XL:     6   Next: 39%
Magic:  6/6        EV: 14    Int: 19    God:
Gold:   127        SH:  0    Dex: 17    Spells: 0 memorised, 5 levels left

rFire  . . .     SeeInvis .     a - +2 dagger
rCold  . . .     Clarity  .     c - +0 robe
rNeg   . . .     SustAb   .     (no shield)
rPois  .         Gourm    .     (no helmet)
rElec  .         Spirit   .     d - +0 cloak
rCorr  .         Warding  .     (no gloves)
rMut   .         Stasis   .     (no boots)
MR     .....                    (no amulet)
Stlth  +++.......               j - +4 ring of intelligence
                                i - +4 ring of intelligence

@: not resistant to hostile enchantments, fairly stealthy
A: carnivore 3
a: no special abilities


You were on level 4 of the Dungeon.
You were very full.

You visited 1 branch of the dungeon, and saw 4 of its levels.

You collected 127 gold pieces.

Inventory:

Hand weapons
 a - a +2 dagger (weapon)
 b - a +0 blowgun
Missiles
 e - 8 poisoned needles
 f - 5 curare-tipped needles {=f}
Armour
 c - a +0 robe (worn)
 d - a +0 cloak (worn)
Jewellery
 i - a +4 ring of intelligence (left hand)
 j - a +4 ring of intelligence (right hand)
 s - an uncursed ring of fire {unknown}
 w - a cursed amulet of inaccuracy {unknown}
Scrolls
 h - 3 scrolls of noise
 n - 6 scrolls of identify
 p - a scroll of blinking {unknown}
 q - a scroll of remove curse
 r - a scroll of amnesia {unknown}
 t - a scroll of fog {unknown}
 u - a scroll of fear
 x - a scroll of immolation {unknown}
 y - a scroll of recharging {unknown}
Potions
 k - a potion of agility {unknown}
 l - a potion of degeneration {unknown}
 m - 3 potions of curing
 o - a potion of brilliance {unknown}
 v - a potion of mutation {unknown}
Comestibles
 g - 2 meat rations


   Skills:
 + Level 2.5 Fighting
 - Level 8.0 Short Blades
 - Level 2.6 Throwing
 + Level 1.7 Dodging
 - Level 5.3 Stealth


You had 5 spell levels left.
You didn't know any spells.

Dungeon Overview and Level Annotations

Branches:
Dungeon (4/15)
 Temple: D:4-7

Altars:
Fedhas
Qazlal
Ru
Sif Muna
Yredelemnul
The Shining One

Annotations:
D:2 exclusion: oklob plant
D:3 stone wall monsters
D:4 4thArraOfDagon's ghost, average DrNe


Innate Abilities, Weirdness & Mutations

You are small and have problems with some larger weapons.
You are carnivorous and can eat meat at any time.


Message History

You hit the adder skeleton.
You destroy the adder skeleton!
The orc wizard gestures at you while chanting.
The magic dart hits you!
You hit the orc!
You kill the orc!
The orc wizard casts a spell at you. The puff of flame misses you.
The orc closely misses you.
The orc wizard hits you but does no damage.
Items here: )) [[ † a dagger; a leather armour; a dagger; a robe; an orc corpse You hit the orc wizard.
The orc wizard is lightly wounded.
The orc closely misses you.
You hit the orc wizard.
The orc wizard is heavily wounded.
The orc wizard gestures at you while chanting.
The puff of flame hits you!
You die...

#....(#
#.....######
#...)......#######
#.................
#..........#######
#..........#
#.#######.## #.#
#.# #@# #.#
.......oo........#
...............##
###
........^......
#..
#.##...........
#####.#
#..........
#...... #.........
#...... #........
#...... ....
#......


You could see an orc wizard and an orc.

Vanquished Creatures
  An orc priest (D:4)
  An orc wizard (D:4)
  2 adders
  3 gnolls (D:2)
  3 giant mites
  5 worms
  An adder skeleton (D:4)
  2 giant geckos (D:3)
  An ooze (D:4)
  9 orcs
  2 ball pythons
  A bat skeleton (D:4)
  8 giant cockroaches
  5 hobgoblins
  18 jackals
  A quokka (D:2)
  4 bats
  3 giant newts
  8 goblins
  7 kobolds
  A quokka skeleton (D:4)
  9 rats
95 creatures vanquished.

Notes
Turn   | Place    | Note
--------------------------------------------------------------
     0 | D:1      | wojtek, the Kobold Assassin, began the quest for the Orb.
     0 | D:1      | Reached XP level 1. HP: 12/12 MP: 1/1
   423 | D:1      | Reached XP level 2. HP: 17/17 MP: 2/2
   907 | D:2      | Reached XP level 3. HP: 16/21 MP: 3/3
  1116 | D:2      | Reached skill level 5 in Short Blades
  1130 | D:2      | Reached XP level 4. HP: 26/26 MP: 4/4
  1546 | D:2      | Found a deep blue altar of Sif Muna.
  1595 | D:2      | Found a blossoming altar of Fedhas.
  1721 | D:2      | Noticed an oklob plant
  1776 | D:2      | Found a sacrificial altar of Ru.
  1842 | D:3      | Reached skill level 6 in Short Blades
  2207 | D:3      | Found a stormy altar of Qazlal.
  2216 | D:3      | Reached XP level 5. HP: 30/30 MP: 5/5
  2243 | D:3      | Noticed a fire elemental
  2419 | D:3      | Noticed an earth elemental
  2432 | D:3      | Noticed a water elemental
  2540 | D:3      | Reached skill level 7 in Short Blades
  2741 | D:3      | Noticed an air elemental
  3295 | D:4      | Reached XP level 6. HP: 24/35 MP: 6/6
  3576 | D:4      | Reached skill level 8 in Short Blades
  3592 | D:4      | Found a glowing golden altar of the Shining One.
  3593 | D:4      | Noticed an angel
  3639 | D:4      | Found a basalt altar of Yredelemnul.
  3640 | D:4      | Noticed a profane servitor
  3738 | D:4      | Noticed 4thArraOfDagon's ghost (average DrNe)
  4189 | D:4      | Killed from afar by an orc wizard

Action                   |  1- 3 |  4- 6 || total
-------------------------+-------+-------++-------
Melee: Dagger            |    46 |   217 ||   263
 Fire: Blowgun           |     4 |     5 ||     9
  Use: Scroll            |       |     5 ||     5
       Potion            |       |     1 ||     1
 Stab: Sleeping          |     4 |    13 ||    17
  Eat: Chunk             |     9 |     8 ||    17
